 Dungeon Crawl Stone Soup version 0.15.0-22-g71df38d (console) character file.

52784 gw the Bludgeoner (level 14, -3/130 (133) HPs)
             Began as a Deep Dwarf Gladiator on Sept 8, 2014.
             Was the Champion of Makhleb.
             Killed from afar by a balrug (43 damage)
             ... with a fireball
             ... summoned by the player character
             ... on Level 8 of the Lair of Beasts.
             The game lasted 00:17:37 (17894 turns).

gw the Bludgeoner (Deep Dwarf Gladiator)           Turns: 17894, Time: 00:17:37

HP  -3/130 (133) AC 27     Str 25      XL: 14   Next: 28%
MP  22/22        EV  7     Int  9      God: Makhleb [******]
Gold 0           SH  0     Dex 16 (20) Spells:  0 memorised, 13 levels left

rFire  . . .     SeeInvis .     q - +5 dire flail
rCold  . . .     Clarity  .     t - +3 plate armour
rNeg   + . .     rCorr    .     (no shield)
rPois  .         rRot     .     c - +2 helmet
rElec  .         Spirit   .     m - +0 cloak
SustAb .         Warding  .     (no gloves)
rMut   .         Stasis   .     l - +2 pair of boots
Gourm  .                        x - amulet of faith
MR     ++...                    y - cursed ring of magical power
                                v - +3 ring of dexterity

@: mighty, non-regenerating, very resistant to hostile enchantments, extremely
unstealthy
A: damage resistance, recharge devices, hooves 1, negative energy resistance 1,
sense surroundings 2, slow healing 3
a: Device Recharging, Minor Destruction, Lesser Servant of Makhleb, Major
Destruction, Greater Servant of Makhleb, Renounce Religion


You were on level 8 of the Lair of Beasts.
You worshipped Makhleb.
Makhleb was exalted by your worship.
You were hungry.

You visited 3 branches of the dungeon, and saw 20 of its levels.
You also visited: Ice Cave.

Inventory:

Hand weapons
 q - a +5 dire flail (weapon)
 E - a +0 triple crossbow of electrocution
Missiles
 d - 11 throwing nets
 i - 42 bolts
 n - 18 bolts of frost
Armour
 c - a +2 helmet (worn)
 l - a +2 pair of boots (worn)
 m - a +0 cloak (worn)
 t - a +3 plate armour (worn)
Magical devices
 a - a wand of paralysis (11) {unknown}
 e - a wand of heal wounds (2)
 o - a wand of flame (2)
 z - a wand of disintegration (1)
 H - a wand of enslavement (11)
Comestibles
 f - 7 bread rations
 j - 2 slices of pizza
 k - 10 beef jerkies
 w - 10 meat rations
 A - a chunk of blink frog flesh
 B - 16 fruits
Scrolls
 g - 17 scrolls of remove curse
 r - 11 scrolls of identify
 I - a scroll of blinking
Jewellery
 v - a +3 ring of dexterity (left hand)
 x - an amulet of faith (around neck)
 y - a cursed ring of magical power (right hand)
Potions
 b - 5 potions of curing
 h - 5 potions of restore abilities
 p - a potion of cure mutation
 s - a potion of lignification
 u - 2 potions of resistance
 D - a potion of haste
 F - 2 potions of might
 G - a potion of beneficial mutation


   Skills:
 + Level 10.6 Fighting
 * Level 15.6 Maces & Flails
 + Level 6.0 Crossbows
 - Level 1.7 Throwing
 + Level 12.2 Armour
 - Level 3.2 Dodging
 + Level 12.5 Invocations


You had 13 spell levels left.
You didn't know any spells.

Dungeon Overview and Level Annotations

Branches:
Dungeon (11/15)            Temple (1/1) D:5             Orc (0/4) D:9
   Lair (8/8) D:10          Swamp (0/5) Lair:6       Spider (0/5) Lair:6
  Slime (0/6) Lair:7

Altars:
Ashenzari
Cheibriados
Dithmenos
Elyvilon
Fedhas
Kikubaaqudgha
Makhleb
Nemelex Xobeh
Okawaru
Qazlal
Sif Muna
Trog
Vehumet
Xom
Yredelemnul
Zin
The Shining One
Beogh
Jiyva

Shops:
D:6 [

Annotations:
Lair:1 exclusion: downstairs


Innate Abilities, Weirdness & Mutations

You are resistant to damage.
You can recharge devices by infusing magical energy.
You resist negative energy.
You passively map the area around you.
You do not heal naturally.
You have large cloven feet.


Message History

Your wand of heal wounds (0) glows for a moment and now has 2 charges.
The giant frog closely misses you.
The giant frog is engulfed in a cloud of scalding steam.
The giant frog closely misses you.
Your balrug gestures at the spiny frog.
The fireball explodes!
The fireball engulfs the giant frog.
The giant frog dies!
Makhleb accepts your collateral kill.
The fireball engulfs your balrug.
Your balrug completely resists.
The fireball engulfs the giant frog.
The giant frog dies!
Makhleb accepts your collateral kill.
The fireball engulfs your balrug.
Your balrug completely resists.
The fireball engulfs the spiny frog.
The spiny frog dies!
Makhleb accepts your collateral kill.
The fireball engulfs you!
You die...

~~F~. ~ ~, ~~ ~~.
, , ~~~~~~
~~~~~~~.~ , ,
PP~~~ ~~~~~~~~P...
, ~~¤~~~
~~.~~~~~~~... ,
F~~¤~~
.~~~~~~~~P~P... ,
~.~~~~
,[PP.~%;.~;~....,
~~~F~
?~.~~¤2¤¤F~....,,
, , ~~~~. ,
$)~P~.¤2¤¤;P~P...
, P.~~~~
$~.~~~¤¤gFF~.....*
* , ~~~~
P.~~~¤;PwFF.....#
, ~~~
,P~~P¤~~FFF..P.#*
** ~~ ~
,~~~~~~~~;~.P.P.**
~ ~ ~
~PP~~P~P~.....P
.P.~~~~~.P..P ~
~P~~~PP¤~~. *
~.~~..~P. , , ~ ,~
~~ P~. ,


You could see a giant leech, 4 spiny frogs, 3 blink frogs, a giant frog, 4
electric eels and 2 friendly balrugs.

Table legend:
 A = Turns spent in this place as a percentage of turns spent in the entire game.
 B = Non-inter-level travel turns spent in this place as a percentage of non-inter-level travel turns spent in the entire game.
 C = Inter-level travel turns spent in this place as a percentage of turns spent in this place.
 D = Turns resting spent in this place as a percentage of non-inter-level travel turns spent in this place.
 E = Turns spent auto-exploring this place as a percentage of non-inter-level travel turns spent in this place.
 F = Non-inter-level travel turns spent in this place divided by the number of levels of this place that you've seen.
                   A       B       C       D       E      F
               +-------+-------+-------+-------+-------+----------------------
         Total | 100.0 | 100.0 |   0.3 |   0.0 |  13.8 | 380.3
       Dungeon |  49.7 |  49.7 |   0.4 |   0.1 |  14.0 | 360.5
        Temple |   0.4 |   0.4 |   2.9 |   0.0 |  38.2 |  34.0
          Lair |  44.6 |  44.6 |   0.3 |   0.0 |  14.0 | 445.2
      Ice Cave |   5.3 |   5.3 |   0.0 |   0.0 |   9.2 | 424.0
               +-------+-------+-------+-------+-------+----------------------

Table legend:
 A = Kills in this place as a percentage of kills in entire the game.
 B = Kills by you in this place as a percentage of kills by you in the entire game.
 C = Kills by friends in this place as a percentage of kills by friends in the entire game.
 D = Other kills in this place as a percentage of other kills in the entire game.
 E = Experience gained in this place as a percentage of experience gained in the entire game.
 F = Experience gained in this place divided by the number of levels of this place that you have seen.
                   A       B       C       D       E      F
               +-------+-------+-------+-------+-------+----------------------
         Total | 100.0 | 100.0 | 100.0 |  -nan | 100.0 | 3590.8
       Dungeon |  49.4 |  52.5 |  17.5 |  -nan |  25.9 | 1775.5
          Lair |  45.5 |  43.1 |  69.8 |  -nan |  62.0 | 5847.9
      Ice Cave |   5.1 |   4.4 |  12.7 |  -nan |  12.1 | 9092.0
               +-------+-------+-------+-------+-------+----------------------

Vanquished Creatures
  Rupert (Lair:4)
  A frost giant (IceCv)
  4 hydras
  Harold (Lair:5)
  Erica (D:10)
  A catoblepas (Lair:7)
  Erolcha (D:9)
  An ice statue (IceCv)
  A manticore (D:11)
  An ugly thing (D:11)
  Maurice (D:10)
  3 elephants (Lair:7)
  2 smoke demons
  A centaur skeleton (D:11)
  4 black mambas
  An orange demon (Lair:4)
  2 torpor snails
  10 spiny frogs
  A gargoyle (D:10)
  The ghost of gw the Slicer, an experienced KoBe of Trog (D:5)
  A hellwing (D:8)
  6 komodo dragons
  3 trolls
  2 jumping spiders (Lair:6)
  2 fire drakes
  15 polar bears
  10 blink frogs
  3 basilisks
  A ynoxinul (D:9)
  A wyvern (D:9)
  A steam dragon (Lair:3)
  42 yaks
  9 hippogriffs
  3 fire bats (Lair:6)
  A neqoxec (Lair:3)
  3 hungry ghosts
  10 wolves
  A swamp worm (Lair:6)
  A vampire mosquito (Lair:8)
  24 water moccasins
  A phantom (D:5)
  14 porcupines
  A black bear (Lair:2)
  3 sky beasts
  4 ice beasts
  7 ogres
  4 orc warriors
  A yellow wasp (D:8)
  4 centaurs
  Sigmund (D:7)
  2 big kobolds (D:6)
  11 giant frogs
  A komodo dragon zombie (D:11)
  12 crocodiles
  A gnoll sergeant (D:11)
  An eye of draining (D:11)
  4 scorpions
  3 wights (D:7)
  12 killer bees
  A troll skeleton (D:11)
  2 vampire bats (Lair:6)
  A jelly (D:7)
  15 hounds
  3 crimson imps
  A giant frog zombie (D:9)
  9 iguanas
  12 orc wizards
  12 orc priests
  9 worker ants
  31 sheep
  A mummy (D:11)
  16 adders
  22 gnolls
  58 green rats
  3 shadow imps
  A giant mite (D:9)
  12 white imps (Lair:6)
  5 worms
  11 ufetubi
  5 giant geckos
  44 orcs
  24 bats
  2 gnoll zombies (D:11)
  15 hobgoblins
  9 jackals
  12 quokkas
  3 ball pythons
  4 giant cockroaches
  4 giant newts
  A giant spore (D:6)
  9 goblins
  A hobgoblin skeleton (D:4)
  16 kobolds
  3 kobold skeletons
  An orc skeleton (D:9)
  15 rats
  A rat skeleton (D:7)
  A ballistomycete (D:6)
  4 fungi
664 creatures vanquished.

Vanquished Creatures (collateral kills)
  A blizzard demon (D:11)
  3 hydras
  An unseen horror (D:11)
  A wolf spider (Lair:5)
  A black mamba (Lair:5)
  3 komodo dragons
  9 spiny frogs
  4 polar bears (IceCv)
  A hydra skeleton (D:9)
  6 blink frogs
  A redback (Lair:6)
  A ynoxinul (D:8)
  8 yaks
  Grum (D:8)
  A hippogriff (D:11)
  3 vampire mosquitoes (Lair:8)
  A porcupine (Lair:5)
  7 wolves
  9 giant frogs
  2 adders
  A gnoll (D:11)
  9 ufetubi (D:8)
  A plant (Lair:8)
75 creatures vanquished.

Vanquished Creatures (others)
  3 balrugs
  A cacodemon (Lair:1)
  A blizzard demon (Lair:8)
  2 orange demons
  3 hellwings
  A neqoxec (Lair:5)
  An adder (Lair:8)
  4 ufetubi
  4 jackals
  A giant spore (D:9)
  A fungus (Lair:7)
  2 plants
24 creatures vanquished.

Grand Total: 763 creatures vanquished

Notes
Turn   | Place    | Note
--------------------------------------------------------------
     0 | D:1      | gw, the Deep Dwarf Gladiator, began the quest for the Orb.
     0 | D:1      | Reached XP level 1. HP: 19/19 MP: 1/1
   291 | D:1      | Reached XP level 2. HP: 20/26 MP: 2/2
   599 | D:2      | Reached skill level 1 in Armour
   666 | D:2      | Reached XP level 3. HP: 19/32 MP: 3/3
   977 | D:2      | Reached skill level 4 in Maces & Flails
   977 | D:2      | Reached XP level 4. HP: 16/40 MP: 4/4
  1538 | D:3      | Reached XP level 5. HP: 26/48 MP: 5/5
  1667 | D:3      | Reached skill level 5 in Maces & Flails
  1867 | D:4      | Reached XP level 6. HP: 24/56 MP: 5/5
  2085 | D:4      | Noticed an ogre
  2098 | D:4      | Killed an ogre
  2131 | D:4      | Found a shadowy altar of Dithmenos.
  2135 | D:4      | Found a white marble altar of Elyvilon.
  2180 | D:4      | Reached skill level 6 in Maces & Flails
  2180 | D:4      | Reached XP level 7. HP: 25/62 MP: 6/6
  2919 | D:5      | Entered Level 5 of the Dungeon
  2974 | D:5      | Reached skill level 7 in Maces & Flails
  3056 | D:5      | Reached skill level 5 in Armour
  3069 | D:5      | Reached XP level 8. HP: 36/73 MP: 6/6
  3272 | D:5      | Noticed gw's ghost (experienced KoBe)
  3329 | D:5      | Killed gw's ghost
  3329 | D:5      | Reached skill level 8 in Maces & Flails
  3336 | D:5      | Reached skill level 5 in Fighting
  3436 | D:5      | Found a staircase to the Ecumenical Temple.
  3444 | Temple   | Entered the Ecumenical Temple
  3496 | Temple   | Became a worshipper of Makhleb the Destroyer
  3736 | D:5      | Reached skill level 1 in Invocations
  4086 | D:6      | Found Shebleci's Antique Armour Boutique.
  4262 | D:6      | Acquired Makhleb's first power
  4360 | D:6      | Gained mutation: You passively map the area around you. [level up]
  4360 | D:6      | Reached XP level 9. HP: 39/81 MP: 8/8
  4440 | D:6      | Reached skill level 9 in Maces & Flails
  4846 | D:7      | Noticed Sigmund
  4931 | D:7      | Killed Sigmund
  4956 | D:7      | Acquired Makhleb's second power
  4964 | D:7      | Found a radiant altar of Vehumet.
  5544 | D:7      | Reached skill level 10 in Maces & Flails
  5566 | D:7      | Acquired Makhleb's third power
  5585 | D:7      | Found a snail-covered altar of Cheibriados.
  5593 | D:7      | Found a glowing silver altar of Zin.
  5597 | D:7      | Gained mutation: You have large cloven feet. [potion of beneficial mutation]
  5789 | D:8      | Noticed Grum
  5829 | D:8      | Killed Grum
  5852 | D:8      | Noticed a smoke demon
  5884 | D:8      | Reached XP level 10. HP: 50/92 MP: 12/12
  5905 | D:8      | Killed a smoke demon
  6023 | D:8      | Found a bloodstained altar of Trog.
  6523 | D:9      | Acquired Makhleb's fourth power
  6601 | D:9      | Found a basalt altar of Yredelemnul.
  6858 | D:9      | Reached skill level 5 in Invocations
  7063 | D:9      | Noticed Erolcha
  7095 | D:9      | Killed Erolcha
  7095 | D:9      | Reached skill level 11 in Maces & Flails
  7252 | D:9      | Found a staircase to the Orcish Mines.
  7363 | D:9      | Found a roughly hewn altar of Beogh.
  7663 | D:10     | Entered Level 10 of the Dungeon
  7737 | D:10     | Found a staircase to the Lair.
  7757 | D:10     | Acquired Makhleb's fifth power
  7888 | D:10     | Reached XP level 11. HP: 100/100 MP: 13/13
  8046 | D:10     | Noticed Erica
  8087 | D:10     | Killed Erica
  8087 | D:10     | Reached skill level 12 in Maces & Flails
  8277 | D:10     | Noticed Maurice
  8307 | D:10     | Killed Maurice
  8704 | D:11     | Killed an unseen horror
  8819 | D:11     | Noticed a seven-headed hydra
  8827 | D:11     | Killed a seven-headed hydra
  8998 | D:11     | Found an iron altar of Okawaru.
  9443 | Lair:1   | Entered Level 1 of the Lair of Beasts
  9490 | Lair:1   | Reached skill level 13 in Maces & Flails
  9547 | Lair:1   | Noticed a six-headed hydra
  9549 | Lair:1   | Noticed an Executioner
  9612 | Lair:1   | Noticed an eight-headed hydra
  9626 | Lair:1   | Killed an eight-headed hydra
  9703 | Lair:1   | Reached XP level 12. HP: 44/112 MP: 13/13
  9849 | Lair:1   | Killed a six-headed hydra
  9903 | Lair:1   | Reached skill level 10 in Armour
 11487 | Lair:2   | Reached skill level 10 in Invocations
 11705 | Lair:3   | Noticed an eight-headed hydra
 11726 | Lair:3   | Killed an eight-headed hydra
 11845 | Lair:3   | Reached skill level 14 in Maces & Flails
 12712 | Lair:4   | Reached skill level 1 in Crossbows
 13107 | Lair:4   | Noticed Rupert
 13120 | Lair:4   | Killed Rupert
 13284 | Lair:4   | Reached XP level 13. HP: 117/122 MP: 13/13
 13397 | Lair:4   | Noticed a five-headed hydra
 13407 | Lair:4   | Killed a five-headed hydra
 14010 | Lair:5   | Noticed Harold
 14020 | Lair:5   | Killed Harold
 15163 | Lair:6   | Reached skill level 10 in Fighting
 15195 | Lair:6   | Found a frozen archway.
 15236 | IceCv    | Entered an ice cave
 15447 | IceCv    | Reached skill level 15 in Maces & Flails
 15644 | IceCv    | Noticed a frost giant
 15674 | IceCv    | Killed a frost giant
 16415 | Lair:6   | Found a staircase to the Swamp.
 16472 | Lair:6   | Found a hole to the Spider Nest.
 16750 | Lair:7   | Reached skill level 5 in Crossbows
 16769 | Lair:7   | HP: 5/121 [komodo dragon (14)]
 17120 | Lair:7   | Gained mutation: You resist negative energy. [level up]
 17120 | Lair:7   | Reached XP level 14. HP: 130/130 MP: 15/15
 17266 | Lair:7   | Found a viscous altar of Jiyva.
 17267 | Lair:7   | Found a staircase to the Slime Pits.
 17731 | Lair:8   | Entered Level 8 of the Lair of Beasts
 17894 | Lair:8   | Killed from afar by a balrug

Action                   |  1- 3 |  4- 6 |  7- 9 | 10-12 | 13-15 || total
-------------------------+-------+-------+-------+-------+-------++-------
Melee: Flail             |   141 |   205 |   493 |       |       ||   839
       Dire flail        |       |       |   173 |   777 |   692 ||  1642
 Fire: Hand crossbow     |       |       |       |    21 |    47 ||    68
       Triple crossbow   |       |       |       |       |   107 ||   107
Invok: Minor Destruction |       |       |    43 |   341 |     2 ||   386
       Lesser Servant of |       |       |     5 |    11 |     7 ||    23
       Greater Servant o |       |       |       |     9 |     4 ||    13
       Major Destruction |       |       |       |     2 |       ||     2
 Abil: Device Recharging |       |     1 |     5 |     8 |     2 ||    16
Evoke: Wand              |       |     8 |    31 |    51 |    18 ||   108
  Use: Scroll            |     6 |     2 |     5 |    17 |     6 ||    36
       Potion            |     2 |     3 |     6 |     4 |     7 ||    22
 Stab: Distracted        |       |       |       |     4 |       ||     4
       Fleeing           |       |       |       |     1 |     1 ||     2
  Eat: Chunk             |     1 |     4 |     9 |    32 |    12 ||    58
       Bread ration      |       |       |     2 |     1 |     1 ||     4

Vault maps used:
D:1:      minmay_arrival_checkered_box
D:2:      first_bread
D:4:      minitemple, serial_glass, glass_columns_a, glass_columns_a
D:5:      minmay_temple_entry_grid
D:6:      serial_shops, shop, minmay_unpleasant_kobolds
D:7:      fiery_altar_vehumet, amethyst_overflow_temple_binary,
          minmay_crystal_room, uniq_sigmund
D:8:      lemuel_round_altar, grunt_ogre_cave, uniq_grum
D:9:      overflow_temple_1_default, minmay_orc_entry_temple_small, uniq_erolcha
D:10:     minmay_lair_entry_grove, uniq_maurice, uniq_erica
D:11:     hangedman_decor_push, okawaru_ov_weapons_minmay
Temple:   roderic_octagonal_lattice_temple
Lair:1:   forest_paths, st_stairs_3, bh_autumn_forest_stairs
Lair:2:   minivault_24, st_stairs_5
Lair:4:   beast_lair_carwin_9, uniq_rupert
Lair:5:   beast_lair_carwin_large_2, uniq_harold
Lair:6:   minmay_swamp_entry_worms, spider_nest_entry_funnel_web,
          portal_ice_cave_entry_imps, nicolae_volcano_entry_batcave,
          roderic_batcave, lemuel_fruit_fields, infiniplex_staircase_pool
Lair:7:   slime_altar_1
Lair:8:   minmay_lair_end_frog_pond
IceCv:    ice_cave_small_giant
